 Dungeon Crawl Stone Soup version 0.27-a0-686-gaed091b46b (webtiles) character file.

Game seed: 6733967845027114201

394 wakim the Covered (level 6, -2/55 HPs)
             Began as a Minotaur Fighter on Mar 20, 2021.
             Was a Follower of the Shining One.
             Slain by a bullfrog (5 damage)
             ... in a sewer.
             The game lasted 00:09:07 (3140 turns).

wakim the Covered (Minotaur Fighter)                Turns: 3140, Time: 00:09:07

Health: -2/55      AC:  7    Str: 22    XL:     6   Next: 51%
Magic:  6/6        EV:  4    Int:  5    God:    the Shining One [*.....]
Gold:   97         SH: 11    Dex: 10    Spells: 5/5 levels left

rFire    . . .     SeeInvis .   a - +0 flail
rCold    . . .     Faith    .   c - +1 kite shield
rNeg     . . .     Spirit   .   b - +0 scale mail
rPois    .         Reflect  .   (helmet restricted)
rElec    .         Harm     .   (no cloak)
rCorr    .         Rampage  .   (no gloves)
Will     .....                  (no boots)
Stlth    ..........             (no amulet)
HPRegen  0.18/turn              (no ring)
MPRegen  0.10/turn              (no ring)

@: mighty, lethally poisoned (-2 -> -6), glowing, constricted, very slow
A: horns 2, retaliatory headbutt
a: Renounce Religion


You were in a sewer.
You worshipped the Shining One.
The Shining One was aware of your devotion.
You visited 1 branch of the dungeon, and saw 3 of its levels.
You also visited: Sewer.

You collected 97 gold pieces.

Inventory:

Hand Weapons
 a - a +0 flail (weapon)
Missiles
 f - 37 sling bullets
Armour
 b - a +0 scale mail (worn)
 c - a +1 kite shield (worn)
Scrolls
 j - a scroll of blinking {unknown}
 k - a scroll of fog {unknown}
 X - a scroll of magic mapping {@r4}
Potions
 d - 2 potions of resistance {unknown}
 e - 2 potions of brilliance {unknown}
 g - 2 potions of heal wounds {unknown}
 h - a potion of mutation {unknown}
 i - a potion of magic {unknown}
 M - a potion of might


   Skills:
 + Level 4.8 Fighting
 * Level 5.0 Maces & Flails
 * Level 5.7 Armour
 + Level 4.7 Shields
 * Level 1.8 Invocations


You had 5 spell levels left.
You didn't know any spells.
Your spell library contained the following spells:

 Spells                   Type           Power      Damage    Failure   Level
 Confusing Touch          Hex            0%         N/A       100%        3
 Gell's Gravitas          Tloc           0%         N/A       100%        3
 Petrify                  Tmut/Erth      0%         N/A       100%        4
 Metabolic Englaciation   Hex/Ice        0%         N/A       100%        5
 Yara's Violent Unravell  Hex/Tmut       0%         3d3       100%        5


Dungeon Overview and Level Annotations

Branches:
Dungeon (3/15)              Sewer (1/1)

Altars:
Makhleb
Xom
The Shining One


Innate Abilities, Weirdness & Mutations

You have a pair of horns on your head.
You reflexively headbutt those who attack you in melee.


Message History

X - a scroll of magic mapping The adder bites you.
The ball python constricts you. The bullfrog hits you.
You feel very mighty all of a sudden. The ball python constricts you.
The adder bites you.
You are more poisoned.
The adder poisons you! The ball python bites you. The bullfrog hits you.
* * * LOW HITPOINT WARNING * * *
The ball python constricts you.
You thump the adder!
You kill the adder!
The ball python constricts you. The bullfrog hits you.
* * * LOW HITPOINT WARNING * * *
You sock the bullfrog!
The bullfrog is heavily wounded.
The ball python constricts you. The ball python bites you.
* * * LOW HITPOINT WARNING * * *
The ball python constricts you.
You sock the bullfrog!
You kill the bullfrog!
The ball python constricts you. The ball python bites you.
* * * LOW HITPOINT WARNING * * *
x2 The ball python constricts you.
Your Maces & Flails skill increases to level 5!
You bludgeon the ball python!!
You kill the ball python!
The ball python grabs you. The ball python constricts you. x2
You sock the ball python!
You kill the ball python!
The ball python grabs you.
* * * LOW HITPOINT WARNING * * *
The ball python constricts you. The ball python bites you.
* * * LOW HITPOINT WARNING * * *
The bullfrog hits you.
* * * LOW HITPOINT WARNING * * *
You barely miss the bullfrog.
* * * LOW HITPOINT WARNING * * *
The ball python constricts you. The ball python bites you.
* * * LOW HITPOINT WARNING * * *
The ball python constricts you. The bullfrog hits you.
You die...

#.........#.......
##......##'##......
#......##..###..†..
##≈≈≈..##..# ##≈.†≈
#≈≈≈≈≈≈##### #≈≈≈†≈
#≈≈≈≈≈≈# #≈≈≈≈≈
#≈≈≈≈≈≈# #≈≈≈≈≈
#≈SS≈≈≈# #≈≈≈≈≈
#≈@S≈≈≈# #≈††≈≈
#≈#F≈≈≈# #≈≈†.≈
#≈≈≈≈≈≈# #≈.[..
#≈.≈≈≈≈# ##≈...
#≈.≈≈≈≈# #≈≈≈≈≈
#≈≈≈≈≈≈# #≈≈≈≈≈
#≈#≈≈≈≈# #≈≈≈≈≈
#≈≈≈≈≈≈# #≈≈≈≈≈
#≈≈≈≈≈≈# #≈≈≈≈≈


You could see a bullfrog and 3 ball pythons.

Vanquished Creatures
  A bullfrog (Sewer)
  Natasha (thrice) (D:2)
  An iguana (D:2)
  8 adders
  6 river rats
  2 oozes (D:2)
  A worm (D:2)
  5 dart slugs
  A leopard gecko (D:1)
  An orc (D:3)
  4 giant cockroaches
  8 goblins
  7 hobgoblins
  3 kobolds
  4 quokkas
  8 ball pythons
  5 bats
  4 frilled lizards
  30 rats
102 creatures vanquished.

Notes
Turn   | Place    | Note
-------+----------+-------------------------------------------
     0 | D:1      | wakim the Minotaur Fighter began the quest for the Orb.
     0 | D:1      | Reached XP level 1. HP: 19/19 MP: 0/0
   231 | D:1      | Reached XP level 2. HP: 27/27 MP: 1/1
   975 | D:2      | Reached XP level 3. HP: 33/33 MP: 2/2
  1099 | D:2      | Noticed Natasha
  1113 | D:2      | Killed Natasha
  1114 | D:2      | Reached XP level 4. HP: 31/40 MP: 3/3
  1200 | D:2      | Noticed Natasha
  1315 | D:2      | Killed Natasha
  1483 | D:2      | Found a glowing golden altar of the Shining One.
  1492 | D:2      | Found a shimmering altar of Xom.
  1495 | D:2      | Found a burning altar of Makhleb.
  1504 | D:2      | Became a worshipper of the Shining One
  1659 | D:2      | Noticed Natasha
  1671 | D:2      | Killed Natasha
  1672 | D:2      | Reached skill level 5 in Armour
  1672 | D:2      | Reached XP level 5. HP: 42/46 MP: 4/4
  2221 | D:3      | Found a glowing drain.
  2369 | Sewer    | Entered a sewer
  2675 | Sewer    | Reached skill level 1 in Invocations
  2896 | Sewer    | Reached * piety under the Shining One
  2903 | Sewer    | Reached XP level 6. HP: 53/53 MP: 5/5
  3138 | Sewer    | Reached skill level 5 in Maces & Flails
  3140 | Sewer    | Slain by a bullfrog

Illustrated notes

Levels and vault maps discovered:
D:1:      roderic_crop_circles_arrival_small, layout_basic
D:2:      layout_loops_ring, grunt_temple_overflow_diamond, uniq_natasha
D:3:      layout_loops_corners, portal_sewer_entry_c,
          amcnicky_mini_rare_corridor_liquid, dk_yredelemnul_ordeal,
          uniq_sigmund
Sewer:    sewer_minmay_w

Skill      XL: |  1  2  3  4  5  6 |
---------------+-------------------+-----
Maces & Flails | 3 4 5 |  5.0
Armour         | 4 5 |  5.7
Fighting       | 4 |  4.8
Shields        | 4 |  4.7
Invocations    | 1 |  1.8

Action                   |  1- 3 |  4- 6 || total
-------------------------+-------+-------++-------
Melee: Flail             |    55 |   161 ||   216
       Headbutt          |     6 |    25 ||    31
  Use: Scroll            |     3 |     2 ||     5
       Potion            |       |     1 ||     1
Armor: Scale mail        |    20 |   105 ||   125
Dodge: Dodged            |    13 |    51 ||    64
Block: Kite shield       |    29 |   143 ||   172

Table legend: (Time is in decaauts)
 A = Elapsed time spent in this place.
 B = Non-inter-level travel time spent in this place.
 C = Inter-level travel time spent in this place.
 D = Time resting spent in this place.
 E = Time spent auto-exploring this place.
 F = Levels seen in this place.
 G = Mean time per level.
                   A        B        C        D        E       F      G
               +--------+--------+--------+--------+--------+-----+--------+
         Total |   3295 |   3201 |     94 |      0 |   2261 |   4 |  823.8 |
       Dungeon |   2447 |   2353 |     94 |      0 |   1632 |   3 |  815.7 |
         Sewer |    847 |    847 |      0 |      0 |    628 |   1 |  847.0 |
               +--------+--------+--------+--------+--------+-----+--------+

Top non-repeatable levels by time:
     D:2: 1068 daAuts
     D:1: 918 daAuts
   Sewer: 847 daAuts
     D:3: 460 daAuts
